 Dungeon Crawl Stone Soup version 0.18-a0-1523-gbe15c29 (webtiles) character file.

229 GrosslyIncandescent the Insei (level 5, -1/43 HPs)
             Began as a Mummy Monk on Mar 7, 2016.
             Slain by Natasha (7 damage)
             ... on level 3 of the Dungeon.
             The game lasted 00:07:02 (5181 turns).

GrosslyIncandescent the Insei (Mummy Monk)          Turns: 5181, Time: 00:07:02

Health: -1/43      AC:  1    Str: 14    XL:     5   Next: 71%
Magic:  5/5        EV: 13    Int: 10    God:
Gold:   125        SH:  0    Dex: 15    Spells: 0 memorised, 4 levels left

rFire  x . .     SeeInvis .       - Unarmed
rCold  + . .     Gourm    .     (no armour)
rNeg   + + +     Faith    .     (no shield)
rPois  ∞         Spirit   .     f - +0 helmet (curse)
rElec  .         Dismiss  .     (no cloak)
rCorr  .         Reflect  .     (no gloves)
SustAt .         Harm     .     (no boots)
MR     +....                    (no amulet)
Stlth  +++.......               a - ring of stealth
                                c - ring of protection from magic

@: somewhat resistant to hostile enchantments, fairly stealthy
A: no food or potions, fire vulnerability, cold resistance 1, negative energy
resistance 3, torment resistance, unbreathing
a: no special abilities


You were on level 3 of the Dungeon.
You were not hungry.

You visited 1 branch of the dungeon, and saw 3 of its levels.

You collected 125 gold pieces.


Innate Abilities, Weirdness & Mutations

You do not eat or drink.
Your flesh is vulnerable to fire.
You are immune to poison.
Your flesh is cold resistant.
You are immune to negative energy.
You are immune to unholy pain and torment.
You can survive without breathing.


   Skills:
 + Level 4.7 Fighting
 - Level 2.4 Dodging
 - Level 1.5 Stealth
 - Level 5.0 Unarmed Combat


You had 4 spell levels left.
You didn't know any spells.

Inventory:

Hand Weapons
 i - a +0 short sword
Armour
 f - a cursed +0 helmet (worn)
 j - a +0 buckler
Jewellery
 a - a ring of stealth (right hand)
 c - a ring of protection from magic (left hand)
Scrolls
 b - 2 scrolls of remove curse {unknown}
 d - a scroll of teleportation {@r4}
 e - a scroll of blinking
 h - a scroll of noise {!r}
 k - a scroll of fog
Books
 g - Kikubaaqudgha's Reference Book on Darkness

   Spells                             Type                      Level
   a - Pain                           Necromancy                   1

Dungeon Overview and Level Annotations

Branches:
Dungeon (3/15)

Altars:
Kikubaaqudgha
Sif Muna
Vehumet

Annotations:
D:3 Natasha

........▒...▒▒▒...............
..........▒▒▒ ▒............(..
8▒▒▒8▒.▒▒▒ ▒▒..........▒▒▒▒▒
▒▒▒▒▒ ▒......<...▒▒▒▒▒▒
▒..........▒▒▒... .
▒..........▒▒.!.. ...
▒▒..........▒.....
.....▒▒............▒▒...
......hM...........▒8..(
......5....>.......▒▒...
▒▒..▒▒▒▒.........▒▒▒▒... ▒.
▒........▒▒ ▒▒... . ▒.....▒▒▒▒
▒8... ▒▒▒▒▒.▒▒▒ ▒▒▒▒...
▒.▒8▒▒▒8▒▒... ▒............
▒..........⌠.


You could see Natasha and a shadow imp.


Message History

You are too injured to fight recklessly!!!
You barely miss Natasha! The shadow imp closely misses you!
Natasha closely misses you!
You beat Natasha into a bloody pulp!
Natasha is lightly wounded!
The shadow imp misses you!
You closely miss Natasha!
Natasha is lightly wounded!
Natasha claws you! * * * don't die
* * * The shadow imp gestures at you!
You are unaffected!
You closely miss Natasha!
Natasha is lightly wounded!
Natasha claws you!!! * * * don't die
* * * The shadow imp barely misses you!
You squash Natasha like an ant!
Natasha is lightly wounded!
Natasha claws you!!! * * * don't die
* * * The shadow imp barely misses you!
You squash Natasha like an ant!!!
Natasha is severely wounded!
Natasha completely misses you!
The shadow imp hits you but does no damage!
You beat Natasha into a bloody pulp!
Natasha is severely wounded!
Natasha claws you!!! rip

Action                   |  1- 3 |  4- 6 || total
-------------------------+-------+-------++-------
Melee: Unarmed           |   173 |   243 ||   416
  Use: Scroll            |       |     4 ||     4
 Stab: Sleeping          |     5 |     3 ||     8

Vault maps used:
D:1:      erik_arrival_orb_chamber
D:2:      grunt_temple_overflow_magic_moments, uniq_terence, uniq_robin
D:3:      portal_sewer_entry_b, serial_corexii_hall, corexii_hall_statues_x,
          corexii_hall_statues_deadend, corexii_hall_statues_l,
          corexii_hall_statues_x, corexii_hall_statues_deadend,
          corexii_hall_statues_u, uniq_natasha

Notes
Turn   | Place    | Note
--------------------------------------------------------------
     0 | D:1      | GrosslyIncandescent the Mummy Monk began the quest for the Orb.
     0 | D:1      | Reached XP level 1. HP: 18/18 MP: 1/1
   234 | D:1      | Reached XP level 2. HP: 24/24 MP: 2/2
   473 | D:1      | Reached skill level 4 in Unarmed Combat
   730 | D:1      | Reached XP level 3. HP: 26/29 MP: 3/3
  2116 | D:2      | Noticed Robin
  2148 | D:2      | Reached XP level 4. HP: 26/35 MP: 4/4
  2318 | D:2      | Killed Robin
  2953 | D:2      | Found an ancient bone altar of Kikubaaqudgha.
  2955 | D:2      | Found a deep blue altar of Sif Muna.
  2957 | D:2      | Found a radiant altar of Vehumet.
  2964 | D:2      | Reached skill level 5 in Unarmed Combat
  3088 | D:2      | Identified Kikubaaqudgha's Reference Book on Darkness
  3253 | D:2      | Noticed Terence
  3318 | D:2      | HP: 3/35 [Terence/short sword (3)]
  3319 | D:2      | HP: 1/35 [Terence/short sword (3)]
  3800 | D:2      | Killed Terence
  3800 | D:2      | Reached XP level 5. HP: 6/41 MP: 5/5
  4527 | D:3      | Reached skill level 4 in Fighting
  4866 | D:3      | Noticed Natasha
  4876 | D:3      | Killed Natasha
  5167 | D:3      | Noticed Natasha
  5181 | D:3      | Slain by Natasha

Vanquished Creatures
  An orc priest (D:3)
  Terence (D:2)
  Natasha (D:3)
  Robin (D:2)
  An adder (D:2)
  An ooze (D:1)
  3 dart slugs
  2 giant geckos
  8 orcs
  6 giant cockroaches
  17 goblins
  9 hobgoblins
  3 jackals (D:3)
  7 kobolds
  A quokka (D:2)
  4 ball pythons
  11 bats
  14 giant newts
  20 rats
111 creatures vanquished.
